 Dungeon Crawl Stone Soup version 0.17-a0-1760-ga6756ae (webtiles) character file.

78582 shakdrar the Warrior (level 15, -3/141 HPs)
             Began as a Minotaur Fighter on Sept 2, 2015.
             Was the Champion of Okawaru.
             Slain by an orc warrior
             ... wielding a +0 glaive
              (19 damage)
             ... on level 4 of the Orcish Mines on Sept 3, 2015.
             The game lasted 01:41:07 (21099 turns).

shakdrar the Warrior (Minotaur Fighter)            Turns: 21099, Time: 01:41:07

Health: -3/141     AC: 17    Str: 27    XL:     15   Next: 18%
Magic:  20/20      EV:  6    Int:  9    God:    Okawaru [******]
Gold:   2320       SH: 14    Dex:  9    Spells: 0 memorised, 14 levels left

rFire  . . .     SeeInvis .     r - +11 hammer "Lifebane" {venom, rC+ MR++ Int+3}
rCold  + + .     Clarity  .     k - +2 crystal plate armour
rNeg   + . .     SustAt   .     K - +0 shield {reflect}
rPois  +         Gourm    .     (helmet restricted)
rElec  .         Spirit   .     C - +0 cloak
rCorr  .         Warding  .     G - +0 pair of gloves
rMut   .         Stasis   .     g - +0 pair of boots
MR     +++..                    W - amulet of regeneration
Stlth  ..........               Y - ring of protection from cold
                                P - ring of positive energy

@: about to teleport, corroded equipment, extremely resistant to hostile
enchantments, extremely unstealthy
A: retaliatory headbutt, horns 2, clumsy 1, poison resistance, strong 1
a: Heroism, Finesse, Renounce Religion


You were on level 4 of the Orcish Mines.
You worshipped Okawaru.
Okawaru was exalted by your worship.
You were not hungry.

You visited 4 branches of the dungeon, and saw 24 of its levels.
You also visited: Bailey.

You collected 2320 gold pieces.

Inventory:

Hand weapons
 r - the +11 hammer "Lifebane" (weapon) {venom, rC+ MR++ Int+3}
   (You found it on level 5 of the Dungeon)

   It poisons the flesh of those it strikes.
   It affects your intelligence (+3).
   It protects you from cold.
   It affects your resistance to hostile enchantments.
 L - the +6 war axe of the People {distort, +Blink rC+}
   (Okawaru gifted it to you on level 3 of the Orcish Mines)

   It warps and distorts space around it.
   Unwielding it can cause banishment or high damage.
   It protects you from cold.
   It lets you blink.
 S - a +2 battleaxe of chopping
Missiles
 a - 3 poisoned javelins (quivered)
 y - 28 poisoned needles
 A - 71 tomahawks of returning
Armour
 c - a +1 shield
 g - a +0 pair of boots (worn)
 k - a +2 crystal plate armour (worn)
 u - a +2 chain mail of cold resistance
 C - a +0 cloak (worn)
 G - a +0 pair of gloves (worn)
 K - a +0 shield of reflection (worn)
Rods
 R - a +1 rod of clouds (13/13)
   (You found it on level 9 of the Dungeon)
Jewellery
 h - an uncursed amulet of resist mutation
 p - a +4 ring of dexterity {unknown}
 D - a cursed -2 ring of slaying {unknown}
 H - an uncursed amulet of guardian spirit
 P - a ring of positive energy (left hand)
 T - an uncursed ring of sustain attributes
 W - an amulet of regeneration (around neck)
 Y - a ring of protection from cold (right hand)
Magical devices
 b - a wand of cold (0)
 f - a wand of cold (0)
 i - a wand of flame (29)
 m - a wand of digging (9)
 q - a wand of draining (0)
 B - a wand of polymorph (7)
 E - a wand of cold (10)
 I - a wand of flame (25)
 V - a wand of lightning (5)
 Z - a wand of frost (17)
Scrolls
 j - 3 scrolls of fear
 l - 2 scrolls of enchant weapon
 n - 5 scrolls of teleportation
 o - 5 scrolls of remove curse
 t - 6 scrolls of magic mapping
 w - 3 scrolls of fog
 J - a scroll of recharging
 M - 2 scrolls of blinking
Potions
 d - 9 potions of might
 s - 3 potions of flight
 v - 7 potions of curing
 x - 2 potions of agility
 F - 2 potions of resistance
 N - 2 potions of haste
 X - a potion of brilliance
Comestibles
 e - 7 bread rations
 z - 51 fruits
 Q - 2 meat rations


   Skills:
 + Level 15.6 Fighting
 + Level 6.7(10.9) Axes
 + Level 13.2(13.8) Maces & Flails
 + Level 14.1 Armour
 + Level 15.1 Shields
 - Level 6.0 Invocations
 - Level 8.0 Evocations


You had 14 spell levels left.
You didn't know any spells.

Dungeon Overview and Level Annotations

Branches:
Dungeon (11/15)            Temple (1/1) D:5            Lair (8/8) D:10
  Swamp (0/4) Lair:3        Snake (0/4) Lair:4        Slime (0/6) Lair:6
    Orc (4/4) D:10            Elf (0/3) Orc:3

Altars:
Ashenzari
Cheibriados
Dithmenos
Elyvilon
Fedhas
Gozag
Kikubaaqudgha
Makhleb
Nemelex Xobeh
Okawaru
Qazlal
Ru
Sif Muna
Trog
Vehumet
Xom
Yredelemnul
Zin
The Shining One
Beogh
Lugonu

Shops:
D:4 ((

Annotations:
Lair:4 exclusion: oklob plant


Innate Abilities, Weirdness & Mutations

You reflexively headbutt those who attack you in melee.
You have a pair of horns on your head.
You are clumsy. (Dex -2)
Your system is resistant to poisons.
Your muscles are strong. (Str +2)


Message History

The sun demon hits you but does no damage.
The rust devil hits you. The rust devil corrodes you!
You hit the orc high priest.
The orc high priest is almost dead.
You kill the orc high priest!
Okawaru accepts your kill. The orange demon stings you.
* * * LOW HITPOINT WARNING * * *
You block the orange demon's attack. You block the orc warrior's attack.
The orc high priest closely misses you. You block the sun demon's attack.
The orange demon disappears in a puff of smoke!
The rust devil disappears in a puff of smoke!
You block the rust devil's attack. The smoke demon gestures at you.
Something smites you!
* * * LOW HITPOINT WARNING * * *
The rust devil hits you. The rust devil corrodes you!
You block the orc warrior's attack.
The orc warrior hits you from afar with a glaive!!
You die...

....())##.............##..##
....[))##....#...#....##..#
....))<##.....).......##..##
.....#.##....#...#....##...#
.#....####...))).....###...#
.....## #..)#...#...# #..##
......## ##)).......## #...#
..#..#.# #..#...#..# #...#
..##...# ##))).@..## #...#
.......# ###)#4### #..##
.......# #...3o# #...#
...##..# ###.#o### #..##
....##.# #....3ยง.## #..##
.#.###.# #..#...#..# #...#
###.##.# #.........## #..##
##.....# #...#...#...# #..#
##..<.# #...........###..##


You could see an orc high priest, a sun demon, a rust devil, a smoke demon and
an orc warrior.

Vanquished Creatures
  Donald (Orc:3)
  5 dire elephants (Lair:8)
  Josephine (Lair:5)
  An anaconda (Lair:8)
  5 hydras
  14 death yaks
  4 orc high priests (Orc:4)
  10 orc knights
  Pikel (D:5)
  A hill giant (D:11)
  A griffon (Lair:2)
  2 orc sorcerers (Orc:3)
  10 elephants
  A centaur zombie (D:11)
  Maurice (D:8)
  The ghost of shakdrar the Covered, an experienced MiFi of Trog (D:6)
  3 black mambas
  12 spiny frogs
  6 komodo dragons
  2 fire drakes
  5 trolls
  3 polar bears
  2 two-headed ogres (Orc:4)
  32 blink frogs
  Grinder (D:5)
  A boulder beetle (Lair:8)
  Sigmund (D:4)
  13 yaks
  2 wyverns
  4 basilisks
  The ghost of shakdrar the Shield-Bearer, an average MiFi (D:3)
  5 wraiths
  4 wolves (Lair:7)
  2 steam dragons
  9 hippogriffs
  3 wargs
  3 nagas (Lair:4)
  31 water moccasins
  45 orc warriors
  A black bear (D:8)
  9 porcupines
  2 sky beasts
  4 centaurs
  A swamp drake (D:10)
  3 ice beasts
  16 crocodiles
  9 ogres
  A big kobold (D:9)
  22 giant frogs
  2 brain worms
  A wyvern skeleton (D:10)
  3 scorpions
  14 killer bees
  An electric eel (Lair:7)
  5 crimson imps
  A giant frog zombie (D:5)
  10 iguanas
  40 orc priests
  8 hounds
  18 orc wizards
  12 worker ants
  16 sheep
  2 hound skeletons
  A worker ant zombie (D:5)
  11 adders
  16 gnolls
  53 river rats
  3 shadow imps
  An ooze (D:1)
  3 worms
  2 giant geckos
  148 orcs
  4 ball pythons
  6 giant cockroaches
  14 goblins
  13 hobgoblins
  21 jackals
  20 kobolds
  5 quokkas
  7 bats
  2 giant gecko skeletons
  A giant newt (D:2)
  A jackal zombie (D:5)
  11 rats
  3 plants
796 creatures vanquished.

Vanquished Creatures (others)
  Crazy Yiuf (D:5)
  An adder (D:5)
  34 fungi
  10 plants
46 creatures vanquished.

Grand Total: 842 creatures vanquished

Notes
Turn   | Place    | Note
--------------------------------------------------------------
     0 | D:1      | shakdrar the Minotaur Fighter began the quest for the Orb.
     0 | D:1      | Reached XP level 1. HP: 19/19 MP: 0/0
   667 | D:1      | Reached skill level 4 in Fighting
   667 | D:1      | Reached XP level 2. HP: 21/27 MP: 1/1
  1046 | D:2      | Reached XP level 3. HP: 33/33 MP: 2/2
  1090 | D:2      | Found a basalt altar of Yredelemnul.
  1287 | D:2      | Found a shadowy altar of Dithmenos.
  1410 | D:2      | Found a glowing golden altar of the Shining One.
  1738 | D:2      | Noticed an angel
  1739 | D:2      | Found a glowing silver altar of Zin.
  1855 | D:3      | Reached XP level 4. HP: 41/41 MP: 3/3
  2085 | D:3      | Noticed shakdrar's ghost (average MiFi)
  2386 | D:4      | Found an opulent altar of Gozag.
  2615 | D:4      | Noticed Sigmund
  3075 | D:3      | Killed shakdrar's ghost
  3075 | D:3      | Reached skill level 5 in Fighting
  3075 | D:3      | Reached skill level 5 in Armour
  3075 | D:3      | Reached skill level 5 in Shields
  3075 | D:3      | Reached XP level 5. HP: 26/48 MP: 4/4
  3075 | D:3      | Reached XP level 6. HP: 30/56 MP: 5/5
  3287 | D:4      | Found a burning altar of Makhleb.
  3407 | D:4      | Killed Sigmund
  3407 | D:4      | Reached skill level 6 in Armour
  3571 | D:4      | Found Nung's Antique Weapon Emporium.
  3628 | D:4      | Found Vehasch's Weapon Emporium.
  3694 | D:5      | Entered Level 5 of the Dungeon
  3694 | D:5      | Noticed Pikel
  3715 | D:5      | Killed Pikel
  3715 | D:5      | Reached skill level 5 in Axes
  3715 | D:5      | Reached skill level 7 in Armour
  3715 | D:5      | Reached XP level 7. HP: 55/63 MP: 6/6
  3757 | D:5      | Reached XP level 8. HP: 69/71 MP: 7/7
  3790 | D:5      | Found a staircase to the Ecumenical Temple.
  3796 | Temple   | Entered the Ecumenical Temple
  3811 | Temple   | Became a worshipper of Warmaster Okawaru
  3893 | D:5      | Found a sacrificial altar of Ru.
  3894 | D:5      | Killed Crazy Yiuf
  3991 | D:5      | Found a sparkling altar of Nemelex Xobeh.
  4116 | D:5      | Noticed Grinder
  4121 | D:5      | Paralysed by Grinder for 4 turns
  4128 | D:5      | Reached skill level 8 in Armour
  4131 | D:5      | Paralysed by Grinder for 2 turns
  4147 | D:5      | Killed Grinder
  4147 | D:5      | Acquired Okawaru's first power
  4324 | D:5      | Got a crystal hammer
  4325 | D:5      | Identified the +11 hammer "Lifebane" {venom, rC+ MR++ Int+3} (You found it on level 5 of the Dungeon)
  4564 | D:5      | Noticed a steam dragon
  4569 | D:5      | Killed a steam dragon
  4916 | D:6      | Reached skill level 9 in Armour
  5160 | D:6      | Noticed shakdrar's ghost (experienced MiFi)
  5168 | D:6      | Reached skill level 1 in Maces & Flails
  5180 | D:6      | Killed shakdrar's ghost
  5180 | D:6      | Reached XP level 9. HP: 58/81 MP: 8/8
  5263 | D:6      | Found a shattered altar of Ashenzari.
  5497 | D:6      | Found a shadowy altar of Dithmenos.
  6218 | D:7      | Noticed a steam dragon
  6226 | D:7      | Killed a steam dragon
  6660 | D:8      | Reached skill level 5 in Maces & Flails
  6696 | D:8      | Found a shimmering altar of Xom.
  6786 | D:8      | Noticed Maurice
  6800 | D:8      | Killed Maurice
  6800 | D:8      | Received a gift from Okawaru
  6800 | D:8      | Reached skill level 10 in Armour
  6828 | D:8      | Found a stormy altar of Qazlal.
  7094 | D:9      | Reached XP level 10. HP: 83/90 MP: 9/9
  7234 | D:9      | Acquired Okawaru's second power
  7454 | D:9      | Found a flagged portal.
  7465 | Bailey   | Entered a bailey
  7640 | Bailey   | Noticed an orc knight
  7662 | Bailey   | Killed an orc knight
  8190 | D:9      | Reached skill level 10 in Shields
  8278 | D:10     | Entered Level 10 of the Dungeon
  8282 | D:10     | Received a gift from Okawaru
  8282 | D:10     | Reached skill level 1 in Invocations
  8285 | D:10     | Identified a +1 rod of clouds (13/13) (You found it on level 9 of the Dungeon)
  8344 | D:10     | Reached skill level 1 in Evocations
  8438 | D:10     | Found a staircase to the Lair.
  9056 | D:10     | Found a staircase to the Orcish Mines.
  9072 | D:10     | Reached skill level 13 in Fighting
  9072 | D:10     | Reached XP level 11. HP: 92/107 MP: 13/13
  9371 | D:11     | Reached skill level 5 in Invocations
  9371 | D:11     | Reached XP level 12. HP: 115/115 MP: 14/14
  9451 | D:11     | Noticed a hill giant
  9458 | D:11     | Killed a hill giant
  9458 | D:11     | Reached skill level 5 in Evocations
  9643 | D:11     | Found a glowing silver altar of Zin.
 10141 | Lair:1   | Entered Level 1 of the Lair of Beasts
 10155 | Lair:1   | Received a gift from Okawaru
 11361 | Lair:2   | Received a gift from Okawaru
 11579 | Lair:2   | Noticed a five-headed hydra
 11590 | Lair:2   | Killed a five-headed hydra
 11750 | Lair:3   | Found a staircase to the Swamp.
 12043 | Lair:3   | Reached XP level 13. HP: 122/122 MP: 18/18
 12631 | Lair:4   | Received a gift from Okawaru
 13185 | Lair:4   | Found a staircase to the Snake Pit.
 13245 | Lair:4   | Reached skill level 14 in Fighting
 13496 | Lair:4   | Gained mutation: You are clumsy. (Dex -2) [potion of mutation]
 13496 | Lair:4   | Gained mutation: Your system is resistant to poisons. [potion of mutation]
 13496 | Lair:4   | Gained mutation: Your muscles are strong. (Str +2) [potion of mutation]
 13841 | Lair:5   | Noticed Josephine
 13852 | Lair:5   | Killed Josephine
 13852 | Lair:5   | Reached skill level 10 in Maces & Flails
 14277 | Lair:5   | You fall through a shaft for 2 floors!
 14497 | Lair:6   | Found a labyrinth entrance.
 14527 | Lair:6   | Received a gift from Okawaru
 14875 | Lair:6   | Found a staircase to the Slime Pits.
 15262 | Lair:7   | Reached XP level 14. HP: 124/133 MP: 19/19
 15876 | Lair:8   | Entered Level 8 of the Lair of Beasts
 16027 | Lair:8   | Upgraded the game from 0.17-a0-1753-g75d4604 to 0.17-a0-1760-ga6756ae
 16278 | Lair:8   | Received a gift from Okawaru
 16279 | Lair:8   | Got a faintly glowing ring mail {god gift}
 16345 | Lair:8   | Identified the +5 ring mail of the Five Realms {rCorr Int+3 Dex+4} (Okawaru gifted it to you on level 8 of the Lair of Beasts)
 16885 | Lair:8   | Reached skill level 15 in Fighting
 18114 | Orc:1    | Entered Level 1 of the Orcish Mines
 18299 | Orc:1    | Found a roughly hewn altar of Beogh.
 19081 | Orc:3    | Noticed Donald
 19178 | Orc:3    | Killed Donald
 19317 | Orc:3    | Received a gift from Okawaru
 19318 | Orc:3    | Got a polished war axe {god gift}
 19381 | Orc:3    | Identified the +6 war axe of the People {distort, +Blink rC+} (Okawaru gifted it to you on level 3 of the Orcish Mines)
 19625 | Orc:3    | Found a staircase to the Elven Halls.
 19964 | Orc:4    | Entered Level 4 of the Orcish Mines
 20629 | Orc:4    | Reached XP level 15. HP: 91/141 MP: 20/20
 20899 | Orc:4    | Reached skill level 15 in Shields
 21099 | Orc:4    | Slain by an orc warrior

Vault maps used:
D:1:      onia_arrival_pyramid, amethyst_killhole, kennysheep_doodads,
          st_stairs_8, hangedman_decor_growths, roderic_lattice_a
D:2:      tso_altar, zin_angel, grunt_dithmenos_smoke_and_mirrors,
          lemuel_crystal_altar
D:4:      nicolae_gozag_seed_capital, serial_shops, kennysheep_mini, shop,
          first_bread, makhleb_heckhound_becter, uniq_sigmund
D:5:      kennysheep_steamy, lemuel_crystal_altar, nemelex_deck,
          minmay_temple_entry_trees, serial_bayou, serial_bayou_lagoon_a,
          serial_bayou_pond_b, uniq_grinder, uniq_crazy_yiuf_cottage, uniq_pikel
D:6:      basic_altar, nicolae_ashenzari_panopticon
D:8:      nicolae_qazlal_general_emergency, overflow_temple_1_default,
          uniq_maurice
D:9:      enter_bailey_3, blue_anna_alchemist
D:10:     minmay_lair_entry_lava, erik_orc_1
D:11:     basic_altar
Temple:   corrupted_temple
Lair:1:   cheibrodos_lair_reptile_den
Lair:3:   swamp_mist, grunt_megastairs_2, lemuel_fruit_tree
Lair:4:   minmay_lair_oklob_items, guppyfry_snake_entry_island
Lair:5:   serial_bayou_shore_a, grunt_megastairs_5, uniq_josephine
Lair:6:   dpeg_slime_entry_corner, lab_entry_generic,
          infiniplex_staircase_pool_2, serial_bayou_shore_b,
          serial_bayou_shore_b
Lair:7:   grunt_megastairs_3
Lair:8:   due_jungle_book, st_stairs_9, bh_autumn_forest_stairs
Orc:1:    mines2_david
Orc:3:    nicolae_orc_pool_cavern, uniq_donald
Orc:4:    st_orc_pillars
Bailey:   bailey_axe_2, bailey

Action                   |  1- 3 |  4- 6 |  7- 9 | 10-12 | 13-15 || total
-------------------------+-------+-------+-------+-------+-------++-------
Melee: War axe           |   107 |   123 |    58 |       |       ||   288
       Hammer            |       |       |   155 |   583 |  1376 ||  2114
Throw: Javelin           |       |       |       |       |     2 ||     2
Invok: Heroism           |       |       |       |       |     1 ||     1
Evoke: Wand              |       |       |       |       |    27 ||    27
  Use: Scroll            |     8 |     4 |     1 |    10 |    10 ||    33
       Potion            |     1 |     5 |     1 |     7 |     4 ||    18
 Stab: Distracted        |       |     1 |       |       |       ||     1
  Eat: Chunk             |     2 |       |       |       |       ||     2
       Pizza             |     1 |       |     2 |     3 |     2 ||     8
       Meat ration       |       |     1 |     1 |       |     2 ||     4
       Bread ration      |       |     1 |       |     4 |     5 ||    10
       Beef jerky        |       |       |       |       |     1 ||     1
